 Dungeon Crawl Stone Soup version 0.29.1-15-g9cfb28693d (webtiles) character file.

Game seed: 2842421462966665854

56013 Renzlar the Blocker (level 14, -3/114 HPs)
             Began as a Gnoll Fighter on Mar 5, 2023.
             Was the Champion of Okawaru.
             Slain by a dire elephant (26 damage)
             ... on level 5 of the Lair of Beasts.
             The game lasted 01:20:22 (14632 turns).

Renzlar the Blocker (Gnoll Fighter)                Turns: 14632, Time: 01:20:22

Health: -3/114     AC: 23    Str: 33    XL:     14   Next: 79%
Magic:  25/27      EV: 15    Int:  7    God:    Okawaru [******]
Gold:   759        SH: 12    Dex: 10    Spells: 13/32 levels left

rFire   . . .      SeeInvis +   a - +3 war axe (venom)
rCold   . . .      Faith    .   h - +0 buckler
rNeg    + . .      Spirit   .   K - +4 scale mail "Wuloaw" {rPois}
rPois   +          Reflect  .   G - +2 hat
rElec   +          Harm     .   q - +1 cloak
rCorr   .          Rampage  +   P - +0 pair of gloves of Disaster {rN+ SInv}
Will    +....      Clarity  +   L - +1 pair of boots of the Lost Path {Rampage rElec}
Stlth   ++++......              n - amulet of regeneration
HPRegen 1.09/turn               C - +6 ring of strength
MPRegen 0.20/turn               u - +6 ring of strength

@: heroic
A: fangs 1, strong nose, distributed training, large bone plates 1, clarity,
clumsy 1
a: Renounce Religion, Heroism, Finesse, Duel


You were on level 5 of the Lair of Beasts.
You worshipped Okawaru.
Okawaru was exalted by your worship.
You visited 3 branches of the dungeon, and saw 17 of its levels.
You also visited: Bailey.

You collected 1146 gold pieces.
You spent 387 gold pieces at shops.

Inventory:

Hand Weapons
 a - a +3 war axe of venom (weapon)
 b - the +6 hand crossbow of the Shifting Eel {vorpal, *Slow Str+7 Dex+3 SInv}
   (Okawaru gifted it to you on level 9 of the Dungeon)

   Any ammunition fired from it inflicts extra damage upon your enemies.
   Str:       It affects your strength (+7).
   Dex:       It affects your dexterity (+3).
   SInv:      It lets you see invisible.
   *Slow:     It may slow you when you take damage.
 c - a +0 sling
 d - a +3 scimitar of freezing
 o - a +2 dagger of speed
Missiles
 k - 28 poisoned darts
 y - a throwing net (quivered)
 B - a curare-tipped dart
Armour
 h - a +0 buckler (worn)
 q - a +1 cloak (worn)
 G - a +2 hat (worn)
 K - the +4 scale mail "Wuloaw" (worn) {rPois}
   (You bought it in a shop on level 8 of the Dungeon)

   rPois:     It protects you from poison.
 L - the +1 pair of boots of the Lost Path (worn) {Rampage rElec}
   (Okawaru gifted it to you on level 2 of the Lair of Beasts)

   rElec:     It insulates you from electricity.
   Rampage:   It bestows one free step when moving towards enemies.
 P - the +0 pair of gloves of Disaster (worn) {rN+ SInv}
   (Okawaru gifted it to you on level 4 of the Lair of Beasts)

   rN:        It protects you from negative energy.
   SInv:      It lets you see invisible.
Jewellery
 j - a ring of see invisible
 n - an amulet of regeneration (around neck)
 s - a ring of ice
 u - a +6 ring of strength (right hand)
 C - a +6 ring of strength (left hand)
Wands
 w - a wand of roots (18)
 z - a wand of charming (9)
 D - a wand of acid (2)
 M - a wand of digging (3)
Scrolls
 p - a scroll of poison
 t - 5 scrolls of fear
 v - a scroll of amnesia
 x - 6 scrolls of blinking
 F - 8 scrolls of teleportation
 I - 4 scrolls of identify
 J - 3 scrolls of magic mapping
 N - 2 scrolls of silence
 O - a scroll of enchant armour
Potions
 e - 6 potions of haste
 f - a potion of lignification
 g - 15 potions of curing
 l - 4 potions of invisibility
 m - 7 potions of flight
 r - a potion of magic
 A - a potion of ambrosia
 E - 4 potions of might
 H - 2 potions of resistance


   Skills:
 + Level 11.7(16.7) Fighting
 + Level 9.8(14.8) Short Blades
 + Level 9.8(14.8) Long Blades
 + Level 10.8(15.8) Axes
 + Level 9.8(14.8) Maces & Flails
 + Level 9.8(14.8) Polearms
 + Level 9.8(14.8) Staves
 + Level 9.8(14.8) Ranged Weapons
 + Level 9.8(14.8) Throwing
 + Level 11.7(16.7) Armour
 + Level 9.8(14.8) Dodging
 + Level 9.8(14.8) Stealth
 + Level 11.7(16.7) Shields
 + Level 9.8(14.8) Unarmed Combat
 + Level 9.8 Spellcasting
 + Level 8.2 Conjurations
 + Level 8.2 Hexes
 + Level 8.2 Summonings
 + Level 8.2 Necromancy
 + Level 8.2 Translocations
 + Level 8.2 Transmutations
 + Level 8.2 Fire Magic
 + Level 8.2 Ice Magic
 + Level 8.2 Air Magic
 + Level 8.2 Earth Magic
 + Level 8.2 Poison Magic
 + Level 10.7 Invocations
 + Level 9.8 Evocations


You had 13 spell levels left.
You knew the following spells:

 Your Spells              Type           Power      Damage    Failure   Level
a - Portal Projectile     Hex/Tloc       30%        N/A       3%          3
b - Olgreb's Toxic Radia  Pois           15%        N/A       10%         4
c - Cause Fear            Hex            7%         N/A       10%         4
d - Ignite Poison         Fire/Tmut/Pois 15%        N/A       3%          3
e - Freezing Cloud        Conj/Ice/Air   7%         6-21      28%         5

Your spell library contained the following spells:

 Spells                   Type           Power      Damage    Failure   Level
 Magic Dart               Conj           60%        1d6       1%          1
 Sting                    Tmut/Pois      60%        1d6       1%          1
 Ensorcelled Hibernation  Hex/Ice        30%        N/A       1%          2
 Poisonous Vapours        Pois/Air       30%        N/A       1%          2
 Dazzling Flash           Conj/Hex       30%        N/A       3%          3
 Gell's Gravitas          Tloc           15%        N/A       3%          3
 Inner Flame              Hex/Fire       15%        N/A       3%          3
 Mephitic Cloud           Conj/Pois/Air  15%        N/A       3%          3
 Spider Form              Tmut/Pois      15%        N/A       3%          3
 Teleport Other           Tloc           15%        N/A       3%          3
 Anguish                  Hex/Necr       7%         N/A       10%         4
 Corpse Rot               Necr/Pois/Air  15%        N/A       10%         4
 Dispel Undead            Necr           15%        3d10      10%         4
 Ice Form                 Ice/Tmut       15%        N/A       10%         4
 Iskenderun's Mystic Bla  Conj/Tloc      15%        2d5       10%         4
 Leda's Liquefaction      Hex/Erth       7%         N/A       10%         4
 Alistair's Intoxication  Tmut/Pois      10%        N/A       28%         5
 Fireball                 Conj/Fire      7%         3d5       28%         5
 Dispersal                Tloc           7%         N/A       83%         6
 Starburst                Conj/Fire      7%         6d4       83%         6
 Storm Form               Tmut/Air       7%         N/A       100%        7
 Discord                  Hex            7%         N/A       100%        8
 Necromutation            Tmut/Necr      7%         N/A       100%        8
 Fire Storm               Conj/Fire      7%         8d2       100%        9
 Call Imp                 Summ           Unusable   N/A       N/A         2
 Call Canine Familiar     Summ           Unusable   N/A       N/A         3
 Death Channel            Necr           Unusable   N/A       N/A         6

Dungeon Overview and Level Annotations

Branches:
Dungeon (11/15)            Temple (1/1) D:5            Lair (5/5) D:11
  Swamp (0/4) Lair:2        Snake (0/4) Lair:2        Slime (0/5) Lair:4
    Orc (0/2) D:11         Bailey (visited)

Altars:
Ashenzari
Cheibriados
Dithmenos
Elyvilon
Fedhas
Gozag
Hepliaklqana
Kikubaaqudgha
Makhleb
Nemelex Xobeh
Okawaru
Qazlal
Ru
Sif Muna
Trog
Uskayaw
Vehumet
Wu Jian
Xom
Yredelemnul
Zin
The Shining One
Jiyva

Shops:
D:7 =   D:8 [

Annotations:
D:3 3 runed translucent doors, phaet's ghost, amateur GnWn


Innate Abilities, Weirdness & Mutations

You have very sharp teeth.
Your uncanny sense of smell can sniff out nearby items.
Your experience applies equally to all skills.
You are partially covered in large bone plates. (SH +4)
You possess an exceptional clarity of mind.
You are clumsy. (Dex -2)


Message History

You hit the dire elephant.
The dire elephant looks as sick as possible!
The dire elephant is almost dead.
You block the dire elephant's attack. x2
Unknown command.
You slash the dire elephant!
You kill the dire elephant!
Okawaru accepts your kill.
You hit the dire elephant but do no damage.
You block the dire elephant's attack. x2
Your +3 war axe of venom stops dripping with poison.
You feel stronger.
You feel agile.
b - the +6 hand crossbow of the Shifting Eel (weapon)
{vorpal, *Slow Str+7 Dex+3 SInv} The dire elephant tramples you!
You hold your ground!
The dire elephant closely misses you.
You shoot a bolt. The bolt hits the dire elephant.
The dire elephant is moderately wounded.
The dire elephant barely misses you.
The dire elephant trunk-slaps you but does no damage.
You shoot a bolt.
The bolt hits the dire elephant but does no damage.
The dire elephant is moderately wounded.
The dire elephant tramples you!!
You hold your ground!
The dire elephant trunk-slaps you! The dire elephant tramples you!!
* * * LOW HITPOINT WARNING * * *
You stumble backwards!
You feel much better. The dire elephant tramples you!!
* * * LOW HITPOINT WARNING * * *
You hold your ground!
You block the dire elephant's attack.
Your +3 war axe of venom begins to drip with poison!
a - a +3 war axe of venom (weapon)
You gain the combat prowess of a mighty hero.
You block the dire elephant's attack. The dire elephant trunk-slaps you!
* * * LOW HITPOINT WARNING * * *
Unknown command.
You hit the dire elephant but do no damage.
The dire elephant looks as sick as possible!
The dire elephant is moderately wounded.
The dire elephant tramples you!!
You die...

P.'..............................
8.#........#..#...#......P.......
# #........####..###..........#..
#........####..#.#.....##P..##.
#..........#....##......#...##.
##........#....###....##....#..
#..............##.....#.#..##..
#...........†Y..##......#..##..
#.........##.#@###....#.###.##.
#♣..........##..###.....#######.
#...........###.##..†....##.P...
................................
.........................†<.....
..........................†.....
P...............................
♣P.......####..#................
#.........##.#.###..............


You could see a dire elephant (extremely poisoned).

Vanquished Creatures
  An orc warlord (Bailey)
  A dire elephant (Lair:5)
  Harold (Lair:1)
  6 hydras
  11 death yaks
  An orc knight (Bailey)
  2 lindwurms
  3 oklob plants (Lair:4)
  2 ugly things
  A faun (Lair:1)
  3 black mambas
  11 elephants
  7 cane toads
  5 gargoyles (D:8)
  4 rime drakes
  11 komodo dragons
  A polar bear (Lair:3)
  2 trolls (D:10)
  5 dream sheep (Lair:4)
  11 blink frogs
  3 shadows (D:11)
  A wyvern (Lair:5)
  A wraith (D:10)
  32 yaks
  4 steam dragons
  5 basilisks
  2 vampire mosquitoes (D:11)
  3 nagas (Lair:2)
  18 water moccasins
  Duvessa (D:4)
  7 orc warriors
  4 black bears
  An ogre (D:6)
  3 centaurs
  40 wolves
  A phantom (D:7)
  4 kobold brigands
  16 bullfrogs
  2 necrophages
  4 scorpions
  9 wights
  Dowan (D:4)
  11 killer bees
  A howler monkey (D:8)
  3 electric eels (Lair:5)
  4 hounds
  A gnoll bouda (D:6)
  3 jellies
  14 orc priests
  Jessica (D:3)
  6 orc wizards
  3 iguanas
  14 hell rats
  9 gnolls
  8 adders
  2 river rats (D:11)
  A white imp (D:5)
  An ufetubus (D:6)
  2 worms
  4 dart slugs
  49 orcs
  7 endoplasms
  7 giant cockroaches
  10 goblins
  6 hobgoblins
  4 jackals (D:5)
  25 kobolds
  8 quokkas
  3 ball pythons
  8 bats
  4 frilled lizards
  8 rats
478 creatures vanquished.

Vanquished Creatures (others)
  16 fungi
  19 plants
  2 withered plants (Lair:5)
37 creatures vanquished.

Grand Total: 515 creatures vanquished

Notes
Turn   | Place    | Note
-------+----------+-------------------------------------------
     0 | D:1      | Renzlar the Gnoll Fighter began the quest for the Orb.
     0 | D:1      | Reached XP level 1. HP: 23/23 MP: 1/1
   166 | D:1      | Reached XP level 2. HP: 29/29 MP: 2/2
   174 | D:1      | Found a faded altar of an unknown god.
   550 | D:1      | Reached XP level 3. HP: 35/35 MP: 3/3
  1099 | D:2      | Reached skill level 1 in Invocations
  1163 | D:2      | Gained mutation: You have a pair of small horns on your
                  | head. [potion of mutation]
  1163 | D:2      | Lost mutation: You have a pair of small horns on your head.
                  | [potion of mutation]
  1163 | D:2      | Gained mutation: You occasionally lose the ability to drink
                  | potions when taking damage. [potion of mutation]
  1164 | D:2      | Lost mutation: You occasionally lose the ability to drink
                  | potions when taking damage. [potion of mutation]
  1164 | D:2      | Gained mutation: You are weak. (Str -2) [potion of
                  | mutation]
  1521 | D:3      | Reached skill level 1 in Short Blades
  1521 | D:3      | Reached skill level 1 in Long Blades
  1521 | D:3      | Reached skill level 1 in Maces & Flails
  1521 | D:3      | Reached skill level 1 in Polearms
  1521 | D:3      | Reached skill level 1 in Staves
  1521 | D:3      | Reached skill level 1 in Ranged Weapons
  1521 | D:3      | Reached skill level 1 in Throwing
  1521 | D:3      | Reached skill level 1 in Dodging
  1521 | D:3      | Reached skill level 1 in Stealth
  1521 | D:3      | Reached skill level 1 in Unarmed Combat
  1521 | D:3      | Reached skill level 1 in Spellcasting
  1521 | D:3      | Reached skill level 1 in Evocations
  1525 | D:3      | Found a burning altar of Makhleb.
  1564 | D:3      | Reached XP level 4. HP: 41/41 MP: 5/5
  1691 | D:3      | Noticed Jessica
  1698 | D:3      | Killed Jessica
  1699 | D:3      | Reached skill level 1 in Conjurations
  1699 | D:3      | Reached skill level 1 in Hexes
  1699 | D:3      | Reached skill level 1 in Summonings
  1699 | D:3      | Reached skill level 1 in Necromancy
  1699 | D:3      | Reached skill level 1 in Translocations
  1699 | D:3      | Reached skill level 1 in Transmutations
  1699 | D:3      | Reached skill level 1 in Fire Magic
  1699 | D:3      | Reached skill level 1 in Ice Magic
  1699 | D:3      | Reached skill level 1 in Air Magic
  1699 | D:3      | Reached skill level 1 in Earth Magic
  1699 | D:3      | Reached skill level 1 in Poison Magic
  1871 | D:3      | Found a runed translucent gate.
  1871 | D:3      | Found a runed translucent gate.
  1871 | D:3      | Found a runed translucent gate.
  1978 | D:3      | Reached XP level 5. HP: 47/47 MP: 7/7
  2462 | D:3      | Noticed phaet's ghost (amateur GnWn)
  2675 | D:4      | Reached XP level 6. HP: 53/53 MP: 8/8
  2701 | D:4      | Reached skill level 5 in Axes
  2837 | D:4      | Noticed Dowan
  2839 | D:4      | Noticed Duvessa
  2854 | D:4      | Killed Duvessa
  2867 | D:4      | Killed Dowan
  2868 | D:4      | Reached XP level 7. HP: 44/60 MP: 10/10
  3384 | D:5      | Entered Level 5 of the Dungeon
  3458 | D:5      | Found a staircase to the Ecumenical Temple.
  3475 | Temple   | Entered the Ecumenical Temple
  3482 | Temple   | Became a worshipper of Warmaster Okawaru
  3761 | D:5      | Reached XP level 8. HP: 67/67 MP: 12/12
  4158 | D:6      | Reached * piety under Okawaru
  4402 | D:6      | Lost mutation: You are weak. (Str -2) [potion of mutation]
  4402 | D:6      | Gained mutation: You possess an exceptional clarity of
                  | mind. [potion of mutation]
  4402 | D:6      | Gained mutation: You are clumsy. (Dex -2) [potion of
                  | mutation]
  4402 | D:6      | Gained mutation: You are partially covered in large bone
                  | plates. (SH +4) [potion of mutation]
  4545 | D:7      | Found Dull's Jewellery Shoppe.
  4651 | D:6      | Reached XP level 9. HP: 37/73 MP: 13/15
  4655 | D:6      | Reached ** piety under Okawaru
  5163 | D:6      | Reached skill level 5 in Invocations
  5357 | D:7      | Found a bloodstained altar of Trog.
  5483 | D:8      | Reached *** piety under Okawaru
  5788 | D:8      | Learned a level 3 spell: Portal Projectile
  5852 | D:8      | Reached skill level 5 in Short Blades
  5852 | D:8      | Reached skill level 5 in Long Blades
  5852 | D:8      | Reached skill level 5 in Maces & Flails
  5852 | D:8      | Reached skill level 5 in Polearms
  5852 | D:8      | Reached skill level 5 in Staves
  5852 | D:8      | Reached skill level 5 in Ranged Weapons
  5852 | D:8      | Reached skill level 5 in Throwing
  5852 | D:8      | Reached skill level 5 in Dodging
  5852 | D:8      | Reached skill level 5 in Stealth
  5852 | D:8      | Reached skill level 5 in Unarmed Combat
  5852 | D:8      | Reached skill level 5 in Spellcasting
  5852 | D:8      | Reached skill level 5 in Evocations
  5852 | D:8      | Reached XP level 10. HP: 81/81 MP: 17/17
  5890 | D:8      | Noticed a gargoyle
  5902 | D:8      | Killed a gargoyle
  5909 | D:8      | Noticed a gargoyle
  5911 | D:8      | Killed a gargoyle
  5916 | D:8      | Noticed a gargoyle
  5931 | D:8      | Killed a gargoyle
  5960 | D:8      | Noticed a gargoyle
  5974 | D:8      | Killed a gargoyle
  5974 | D:8      | Reached **** piety under Okawaru
  5974 | D:8      | Received a gift from Okawaru
  6043 | D:8      | Noticed a gargoyle
  6055 | D:8      | HP: 4/82 [gargoyle/stone arrow (10)]
  6057 | D:8      | Killed a gargoyle
  6262 | D:8      | You fall into a shaft and drop 3 floors!
  6297 | D:10     | Entered Level 10 of the Dungeon
  7395 | D:9      | Found a flagged portal.
  7402 | Bailey   | Entered a bailey
  7409 | Bailey   | Noticed an orc warlord
  7475 | Bailey   | Noticed an orc knight
  7489 | Bailey   | Killed an orc knight
  7489 | Bailey   | Reached ***** piety under Okawaru
  7490 | Bailey   | Reached skill level 5 in Conjurations
  7490 | Bailey   | Reached skill level 5 in Hexes
  7490 | Bailey   | Reached skill level 5 in Summonings
  7490 | Bailey   | Reached skill level 5 in Necromancy
  7490 | Bailey   | Reached skill level 5 in Translocations
  7490 | Bailey   | Reached skill level 5 in Transmutations
  7490 | Bailey   | Reached skill level 5 in Fire Magic
  7490 | Bailey   | Reached skill level 5 in Ice Magic
  7490 | Bailey   | Reached skill level 5 in Air Magic
  7490 | Bailey   | Reached skill level 5 in Earth Magic
  7490 | Bailey   | Reached skill level 5 in Poison Magic
  7532 | Bailey   | Found a runed translucent gate.
  7534 | Bailey   | Found a runed translucent gate.
  7541 | Bailey   | Found a runed translucent gate.
  7561 | Bailey   | Reached XP level 11. HP: 89/89 MP: 20/20
  7604 | Bailey   | Killed an orc warlord
  7659 | Bailey   | Reached XP level 12. HP: 77/97 MP: 20/22
  8181 | D:8      | Found Upnauhic's Superior Scales.
  8209 | D:8      | Learned a level 4 spell: Olgreb's Toxic Radiance
  8214 | D:8      | Learned a level 4 spell: Cause Fear
  8215 | D:8      | Bought the +4 scale mail "Wuloaw" {rPois} for 387 gold
                  | pieces
  8337 | D:9      | Identified the +6 hand crossbow of the Shifting Eel
                  | {vorpal, *Slow Str+7 Dex+3 SInv} (Okawaru gifted it to you
                  | on level 9 of the Dungeon)
  8337 | D:9      | Received a gift from Okawaru
  8403 | D:9      | Reached skill level 10 in Fighting
  8403 | D:9      | Reached skill level 10 in Armour
  8403 | D:9      | Reached skill level 10 in Shields
  8593 | D:9      | Found a glowing silver altar of Zin.
  8595 | D:9      | Found an opulent altar of Gozag.
  8597 | D:9      | Found a glowing golden altar of the Shining One.
  8687 | D:9      | Found a hazy altar of Hepliaklqana.
  8687 | D:9      | Found an ancient bone altar of Kikubaaqudgha.
  9068 | D:11     | Noticed a death yak
  9147 | D:11     | Noticed a death yak
  9160 | D:10     | Killed a death yak
  9176 | D:11     | Noticed a death yak
  9183 | D:10     | Killed a death yak
  9203 | D:10     | Killed a death yak
  9217 | D:11     | Found a staircase to the Lair.
  9368 | D:11     | Received a gift from Okawaru
  9392 | D:11     | Found a staircase to the Orcish Mines.
  9730 | Lair:1   | Entered Level 1 of the Lair of Beasts
  9816 | Lair:1   | Reached XP level 13. HP: 104/104 MP: 25/25
  9852 | Lair:1   | Received a gift from Okawaru
 10247 | Lair:1   | Noticed Harold
 10260 | Lair:1   | Killed Harold
 10260 | Lair:1   | Received a gift from Okawaru
 10308 | Lair:1   | Identified a scroll of acquirement
 10308 | Lair:1   | Acquired the Vellum of Scorching Changing
 10635 | Lair:2   | Found a staircase to the Swamp.
 10867 | Lair:2   | Found a staircase to the Snake Pit.
 10955 | Lair:2   | Learned a level 3 spell: Ignite Poison
 10961 | Lair:2   | Learned a level 5 spell: Freezing Cloud
 11250 | Lair:2   | Reached ****** piety under Okawaru
 11250 | Lair:2   | Identified the +1 pair of boots of the Lost Path {Rampage
                  | rElec} (Okawaru gifted it to you on level 2 of the Lair of
                  | Beasts)
 11250 | Lair:2   | Received a gift from Okawaru
 11653 | Lair:2   | Reached skill level 10 in Axes
 12446 | Lair:4   | Found a viscous altar of Jiyva.
 12494 | Lair:4   | Reached XP level 14. HP: 84/113 MP: 27/27
 12521 | Lair:4   | Found a staircase to the Slime Pits.
 12624 | Lair:4   | Reached skill level 10 in Invocations
 12906 | Lair:4   | Received a gift from Okawaru
 13142 | Lair:4   | Identified the +0 pair of gloves of Disaster {rN+ SInv}
                  | (Okawaru gifted it to you on level 4 of the Lair of Beasts)
 13142 | Lair:4   | Received a gift from Okawaru
 13875 | Lair:5   | Entered Level 5 of the Lair of Beasts
 14603 | Lair:5   | Noticed a dire elephant
 14603 | Lair:5   | Noticed a dire elephant
 14603 | Lair:5   | Noticed a dire elephant
 14604 | Lair:5   | Noticed a dire elephant
 14604 | Lair:5   | Noticed a dire elephant
 14625 | Lair:5   | Killed a dire elephant
 14632 | Lair:5   | Slain by a dire elephant

Illustrated notes

Levels and vault maps discovered:
D:1:      dpeg_arrival_pits, layout_loops_ring, chequers_ecumenical_altar_island
D:2:      layout_loops_ring, kennysheep_cross_room,
          hangedman_abyss_or_decor_stabs
D:3:      layout_loops_corners, mainiacjoe_overflow_brackets,
          gammafunk_ghost_icy, hangedman_decor_opposing, minmay_ruptured,
          uniq_jessica
D:4:      layout_loops_ring, uniq_duvessa
D:5:      layout_gridville, minmay_temple_entry_hall
D:6:      layout_basic, moated_statue
D:7:      layout_cave_pools, general_overflow_altar, serial_shops,
          nicolae_square_shop, minmay_misc_feat_nine_boxes, minmay_starry_boxes
D:8:      cheibrodos_statue_roulette, layout_loops_ring, minmay_crystal_room,
          hellmonk_scale_shop
D:9:      layout_basic, grunt_temple_overflow_open, enter_bailey_2,
          grunt_decor_one_mirror
D:10:     layout_stronghold
D:11:     layout_rooms, dpeg_lair_monsters, orc_0_dummy
Temple:   nicolae_temple_no_exploring_needed
Lair:1:   layout_long_grid, grunt_forest_large_clearings, uniq_harold
Lair:2:   layout_cave_pods, swamp_mist, guppyfry_snake_entry_garden,
          minmay_hedge_maze
Lair:3:   layout_cave_shapes, serial_bayou_shore_b
Lair:4:   layout_gridlike, minmay_slime_entry_oklob_open,
          chequers_serial_rivers_small_3, nzn_random_ring, serial_bayou_shore_b
Lair:5:   due_jungle_book, layout_regular_city, serial_bayou_shore_a

Skill      XL: |  1  2  3  4  5  6  7  8  9 10 11 12 13 14 |
---------------+-------------------------------------------+-----
Invocations    | 1 2 3 4 5 6 7 8 9 10 | 10.7
Short Blades   | 1 2 3 4 5 6 7 8 9 |  9.8
Long Blades    | 1 2 3 4 5 6 7 8 9 |  9.8
Maces & Flails | 1 2 3 4 5 6 7 8 9 |  9.8
Polearms       | 1 2 3 4 5 6 7 8 9 |  9.8
Staves         | 1 2 3 4 5 6 7 8 9 |  9.8
Ranged Weapons | 1 2 3 4 5 6 7 8 9 |  9.8
Throwing       | 1 2 3 4 5 6 7 8 9 |  9.8
Dodging        | 1 2 3 4 5 6 7 8 9 |  9.8
Stealth        | 1 2 3 4 5 6 7 8 9 |  9.8
Unarmed Combat | 1 2 3 4 5 6 7 8 9 |  9.8
Spellcasting   | 1 2 3 4 5 6 7 8 9 |  9.8
Evocations     | 1 2 3 4 5 6 7 8 9 |  9.8
Conjurations   | 1 2 3 4 5 6 7 8 |  8.2
Hexes          | 1 2 3 4 5 6 7 8 |  8.2
Summonings     | 1 2 3 4 5 6 7 8 |  8.2
Necromancy     | 1 2 3 4 5 6 7 8 |  8.2
Translocations | 1 2 3 4 5 6 7 8 |  8.2
Transmutations | 1 2 3 4 5 6 7 8 |  8.2
Fire Magic     | 1 2 3 4 5 6 7 8 |  8.2
Ice Magic      | 1 2 3 4 5 6 7 8 |  8.2
Air Magic      | 1 2 3 4 5 6 7 8 |  8.2
Earth Magic    | 1 2 3 4 5 6 7 8 |  8.2
Poison Magic   | 1 2 3 4 5 6 7 8 |  8.2
Axes           | 5 6 7 8 9 10 | 10.8
Fighting       | 7 8 9 10 11 | 11.7
Armour         | 7 8 9 10 11 | 11.7
Shields        | 7 8 9 10 11 | 11.7

Action                   |  1- 3 |  4- 6 |  7- 9 | 10-12 | 13-15 || total
-------------------------+-------+-------+-------+-------+-------++-------
Melee: War axe           |    60 |    76 |   300 |   113 |   126 ||   675
       Bite              |     2 |     8 |    29 |    26 |    13 ||    78
       Scimitar          |       |       |     7 |   140 |       ||   147
 Fire: Sling             |    44 |    44 |   107 |    23 |       ||   218
       Hand crossbow     |       |       |       |   154 |   538 ||   692
Throw: Throwing net      |       |       |       |     1 |       ||     1
       Dart              |       |       |       |       |     1 ||     1
 Cast: Olgreb's Toxic Ra |       |       |       |       |     6 ||     6
       Ignite Poison     |       |       |       |       |     3 ||     3
Invok: Heroism           |       |       |       |     6 |     2 ||     8
Evoke: Wand              |       |       |       |     1 |     2 ||     3
  Use: Scroll            |     9 |     4 |     9 |     8 |     2 ||    32
       Potion            |     2 |       |     2 |     4 |     6 ||    14
 Stab: Sleeping          |       |       |       |     2 |       ||     2
Armor: Scale mail        |    33 |    28 |   152 |   116 |   300 ||   629
       Chain mail        |       |    28 |       |       |       ||    28
       Skin              |       |       |       |     2 |       ||     2
Dodge: Dodged            |    35 |    32 |   157 |   162 |   350 ||   736
Block: Buckler           |    13 |    22 |   139 |   187 |   353 ||   714
